 Dungeon Crawl Stone Soup version 0.19.5 (webtiles) character file.

869 EvilTwin the Cleaver (level 7, -2/57 HPs)
             Began as a Minotaur Fighter on Apr 12, 2017.
             Was an Initiate of the Shining One.
             Slain by Duvessa
             ... wielding a +0 short sword
              (9 damage)
             ... on level 5 of the Dungeon.
             The game lasted 00:30:59 (4000 turns).

EvilTwin the Cleaver (Minotaur Fighter)             Turns: 4000, Time: 00:30:59

Health: -2/57      AC:  6    Str: 20    XL:     7   Next: 73%
Magic:  6/6        EV:  8    Int:  5    God:    the Shining One [......]
Gold:   304        SH: 10    Dex: 12    Spells: 0 memorised, 6 levels left

rFire  . . .     SeeInvis .     a - +0 war axe
rCold  . . .     Gourm    .     b - +0 scale mail
rNeg   . . .     Faith    .     c - +0 shield
rPois  .         Spirit   .     (helmet restricted)
rElec  .         Reflect  .     (no cloak)
rCorr  .         Harm     .     (no gloves)
MR     .....                    (no boots)
Stlth  ..........               (no amulet)
                                (no ring)
                                (no ring)

@: glowing
A: retaliatory headbutt, horns 2
a: Renounce Religion


You were on level 5 of the Dungeon.
You worshipped the Shining One.
The Shining One was noncommittal.
You were not hungry.

You visited 1 branch of the dungeon, and saw 5 of its levels.

You collected 304 gold pieces.

Inventory:

Hand Weapons
 a - a +0 war axe (weapon)
 t - a +2 hunting sling of flaming
 D - a cursed -1 shortbow
Missiles
 l - 32 bolts
 m - 121 arrows
Armour
 b - a +0 scale mail (worn)
 c - a +0 shield (worn)
 n - a +0 large shield
 x - a +0 pair of gloves
 F - the +2 ring mail of the Midnight Sun {rElec rC+, unknown}
   (You found it on level 5 of the Dungeon)

   It protects you from cold.
   It insulates you from electricity.
Rods
 B - a -1 lightning rod (14/14)
   (You found it on level 5 of the Dungeon)
Jewellery
 A - an uncursed ring of fire {unknown}
Wands
 v - a wand of random effects (26/48)
Scrolls
 i - a scroll of amnesia {unknown}
 j - 6 scrolls of remove curse {unknown}
 k - 4 scrolls of identify {unknown}
 u - a scroll of immolation {unknown}
 w - a scroll of teleportation {unknown}
 y - a scroll of random uselessness {unknown}
 C - a scroll of fog {unknown}
 E - 2 scrolls of noise {unknown}
Potions
 d - a potion of might
 e - 2 potions of curing {unknown}
 p - a potion of heal wounds {unknown}
 q - a potion of flight {unknown}
 r - a potion of lignification {unknown}
 s - a potion of agility {unknown}
 z - a potion of cancellation {unknown}
Books
 g - a book of Misfortune

   Spells                             Type                      Level
   a - Confusing Touch                Hexes                        1
   b - Confuse                        Hexes                        3
   c - Gell's Gravitas                Hexes/Translocation          3
   d - Petrify                        Transmutation/Earth          4
   e - Metabolic Englaciation         Hexes/Ice                    5
   f - Yara's Violent Unravelling     Hexes/Transmutation          5
Comestibles
 f - 5 bread rations
 h - 3 meat rations


   Skills:
 - Level 3.6 Fighting
 * Level 8.9 Axes
 - Level 3.6 Armour
 + Level 7.1 Shields


You had 6 spell levels left.
You didn't know any spells.

Dungeon Overview and Level Annotations

Branches:
Dungeon (5/15)
 Temple: D:4-7

Altars:
Ashenzari
Cheibriados
Hepliaklqana
Kikubaaqudgha
Makhleb
Okawaru
Xom
Zin
The Shining One

Annotations:
D:5 Duvessa


Innate Abilities, Weirdness & Mutations

You reflexively headbutt those who attack you in melee.
You have a pair of horns on your head.


Message History

Duvessa is lightly wounded.
You block Duvessa's attack. Duvessa hits you with a short sword!
You hit Duvessa but do no damage. You headbutt Duvessa.
Duvessa is lightly wounded.
Duvessa barely misses you.
You hit Duvessa. You headbutt Duvessa, but do no damage.
Duvessa is moderately wounded.
You block Duvessa's attack. Duvessa hits you with a short sword.
You hit Duvessa but do no damage. You headbutt Duvessa, but do no damage.
Duvessa is moderately wounded.
Duvessa hits you with a short sword!
* * * LOW HITPOINT WARNING * * *
Duvessa hits you with a short sword!
* * * LOW HITPOINT WARNING * * *
Okay, then.
Okay, then.
You hit Duvessa but do no damage.
Duvessa is moderately wounded.
Duvessa hits you with a short sword!
You die...

#..............#
#.....#.#.#.#..#
#........).....#
#...........#
#..........?# #.#
#..g....e...# ..
#.#g#####...e... #.##
#.#e# ...#### # #..# #.#@#
<..# #####+####.###.#.#
...#
............##.#.#.......#
..........#....#.#.......#
..........#..###.#.......#
..........##.###.#.......#
..........##.............
.......................#
..........##...........#


You could see Duvessa (berserk) and 2 gnolls.

Vanquished Creatures
  A sky beast (D:5)
  A phantom (D:5)
  An ogre (D:4)
  A centaur (D:5)
  Dowan (D:5)
  2 crimson imps (D:4)
  A bullfrog skeleton (D:4)
  2 hounds
  2 orc wizards (D:5)
  4 worker ants
  Robin (D:3)
  A gnoll (D:5)
  7 adders
  3 worms
  3 dart slugs
  2 leopard geckos (D:2)
  7 orcs (D:5)
  A ball python (D:3)
  5 giant cockroaches
  9 goblins
  8 hobgoblins
  3 jackals (D:2)
  A quokka (D:4)
  8 bats
  2 frilled lizards
  7 kobolds
  6 rats
90 creatures vanquished.

Notes
Turn   | Place    | Note
-------+----------+-------------------------------------------
     0 | D:1      | EvilTwin the Minotaur Fighter began the quest for the Orb.
     0 | D:1      | Reached XP level 1. HP: 19/19 MP: 0/0
   217 | D:1      | Reached skill level 3 in Axes
   250 | D:1      | Reached XP level 2. HP: 22/26 MP: 1/1
   631 | D:2      | Reached XP level 3. HP: 28/31 MP: 2/2
   661 | D:2      | Found a shimmering altar of Xom.
   678 | D:2      | Reached skill level 4 in Axes
   820 | D:2      | Reached XP level 4. HP: 30/39 MP: 3/3
  1476 | D:3      | Reached skill level 5 in Axes
  1742 | D:3      | Found an iron altar of Okawaru.
  1745 | D:3      | Found an ancient bone altar of Kikubaaqudgha.
  1746 | D:3      | Found a burning altar of Makhleb.
  1746 | D:3      | Found a snail-covered altar of Cheibriados.
  1847 | D:3      | Found a glowing silver altar of Zin.
  1900 | D:3      | Reached skill level 5 in Shields
  1905 | D:3      | Noticed Robin
  1918 | D:3      | Killed Robin
  1918 | D:3      | Reached XP level 5. HP: 36/45 MP: 4/4
  2338 | D:4      | Noticed an ogre
  2344 | D:4      | Killed an ogre
  2344 | D:4      | Reached skill level 6 in Axes
  2619 | D:4      | Reached XP level 6. HP: 47/51 MP: 5/5
  2689 | D:4      | Found a glowing golden altar of the Shining One.
  2692 | D:4      | Became a worshipper of the Shining One
  2855 | D:4      | Found a shattered altar of Ashenzari.
  2951 | D:4      | Reached skill level 7 in Axes
  3165 | D:5      | Entered Level 5 of the Dungeon
  3262 | D:5      | Reached XP level 7. HP: 16/57 MP: 6/6
  3561 | D:5      | Reached skill level 8 in Axes
  3595 | D:5      | Got a steaming ring mail
  3641 | D:5      | Found a hazy altar of Hepliaklqana.
  3971 | D:5      | Noticed Duvessa
  3972 | D:5      | Noticed Dowan
  3990 | D:5      | Killed Dowan
  4000 | D:5      | Slain by Duvessa

Skill      XL: |  1  2  3  4  5  6  7 |
---------------+----------------------+-----
Axes           | 3 4 5 6 7 8 |  8.9
Shields        | 4 5 6 7 |  7.1
Fighting       | |  3.6
Armour         | |  3.6

Action                   |  1- 3 |  4- 6 |  7- 9 || total
-------------------------+-------+-------+-------++-------
Melee: War axe           |    84 |   172 |    62 ||   318
       Headbutt          |    13 |    27 |    14 ||    54
  Eat: Chunk             |       |     8 |     1 ||     9
       Fruit             |       |       |     1 ||     1
Armor: Scale mail        |    36 |    50 |    22 ||   108
Dodge: Dodged            |    29 |    40 |    14 ||    83
Block: Shield            |    48 |    86 |    27 ||   161
